 Dungeon Crawl Stone Soup version 0.22-a0-608-g8a62e23 (webtiles) character file.

69 DragonBone the Chopper (level 4, -5/61 HPs)
             Began as a Hill Orc Fighter on July 9, 2018.
             Killed by divine providence
             ... invoked by an orc priest
              (8 damage)
             ... on level 3 of the Dungeon.
             The game lasted 00:04:58 (2503 turns).

DragonBone the Chopper (Hill Orc Fighter)           Turns: 2503, Time: 00:04:58

Health: -5/61      AC: 22    Str: 19    XL:     4   Next: 20%
Magic:  4/4        EV:  2    Int:  8    God:
Gold:   93         SH:  9    Dex: 10    Spells: 3/3 levels left

rFire    . . .     SeeInvis .   a - +0 war axe
rCold    . . .     Gourm    .   c - +0 shield
rNeg     + + +     Faith    .   (armour currently unavailable)
rPois    +         Spirit   .   (helmet currently unavailable)
rElec    .         Reflect  .   (cloak currently unavailable)
rCorr    .         Harm     .   (gloves currently unavailable)
MR       .....     NoTele   +   (boots currently unavailable)
Stlth    +.........             (no amulet)
HPRegen  0.20/turn              (no ring)
MPRegen  0.09/turn              (no ring)

@: tree-form
A: no striking features
a: Convert to Beogh


You were on level 3 of the Dungeon.
You were not hungry.
You were a tree.
You visited 1 branch of the dungeon, and saw 3 of its levels.

You collected 93 gold pieces.

Inventory:

Hand Weapons
 a - a +0 war axe (weapon)
 q - a +0 hunting sling
Missiles
 g - 51 stones (quivered)
Armour
 b - a +0 scale mail (melded)
 c - a +0 shield (worn)
Jewellery
 k - an uncursed amulet of faith {unknown}
Scrolls
 h - 4 scrolls of immolation {unknown}
 i - a scroll of enchant weapon {unknown}
 m - a scroll of blinking {unknown}
 n - a scroll of fear {unknown}
 r - a scroll of teleportation {unknown}
 s - a scroll of enchant armour {unknown}
Potions
 j - 2 potions of brilliance {unknown}
 l - 2 potions of flight {unknown}
 o - a potion of haste {unknown}
 p - a potion of heal wounds {unknown}
Comestibles
 d - a chunk of flesh
 f - 2 rations


   Skills:
 + Level 4.5 Fighting
 * Level 5.0 Axes
 - Level 3.2 Armour
 - Level 3.2 Shields


You had 3 spell levels left.
You didn't know any spells.
Your spell library was empty.

Dungeon Overview and Level Annotations

Branches:
Dungeon (3/15)

Altars:

Annotations:
D:3 Ijyb


Message History

The orc priest calls upon Beogh to heal the orc priest.
The orc priest is healed somewhat.
You closely miss the orc priest.
The orc priest is moderately wounded.
The orc priest threatens, "By the altar or by the axe, you will meet Beogh!"
You hit the orc priest.
The orc priest threatens, "By the altar or by the axe, you will meet Beogh!"
The orc priest hits you but does no damage.
You block the orc priest's attack.
The orc priest calls down the wrath of Beogh upon you.
Beogh smites you!
* * * LOW HITPOINT WARNING * * *
Okay, then.
You turn into a tree.
Your +0 scale mail melds into your body.
Your roots penetrate the ground.
The orc priest hits you but does no damage.
The orc priest mumbles some strange prayers to Beogh against you.
Beogh smites you!
You die...

#..#.#..#
#.#...#.#
#.......#
#.##.##.#
#.##)##.#
#.##..#.#
#.###.#.#
#†###.#.#
#...♣o..#
#####o###
.. #o# . #.
#s#
....##.##.#
..........#
...###.####
≈o. ≈..≈.


You could see 2 orc priests, an orc and a giant cockroach.

Vanquished Creatures
  2 adders
  A worm (D:2)
  A dart slug (D:1)
  4 leopard geckos
  6 bats
  A giant cockroach (D:2)
  6 hobgoblins
  4 jackals (D:2)
  A quokka (D:2)
  2 ball pythons (D:3)
  A frilled lizard (D:2)
  4 kobolds
  9 rats
42 creatures vanquished.

Notes
Turn   | Place    | Note
-------+----------+-------------------------------------------
     0 | D:1      | DragonBone the Hill Orc Fighter began the quest for the Orb.
     0 | D:1      | Reached XP level 1. HP: 19/19 MP: 1/1
   297 | D:1      | Reached skill level 3 in Axes
   382 | D:1      | Reached XP level 2. HP: 26/27 MP: 2/2
   938 | D:2      | Reached skill level 4 in Axes
  1198 | D:2      | Reached XP level 3. HP: 33/33 MP: 3/3
  2128 | D:3      | Reached XP level 4. HP: 29/41 MP: 4/4
  2372 | D:3      | Noticed Ijyb
  2443 | D:3      | Reached skill level 5 in Axes
  2502 | D:3      | HP: 2/41 [orc priest/divine providence (13)]
  2503 | D:3      | Killed from afar by an orc priest

Vault maps used:
D:1:      minmay_arrival_stair_chambers
D:2:      hangedman_decor_peaks_small, due_unseen_surprise
D:3:      chequers_ecumenical_altar_island, uniq_natasha, uniq_grinder,
          uniq_crazy_yiuf_cottage, uniq_ijyb

Skill      XL: |  1  2  3  4 |
---------------+-------------+-----
Axes           | 3 4 5 |  5.0
Fighting       | 4 |  4.5
Armour         | |  3.2
Shields        | |  3.2

Action                   |  1- 3 |  4- 6 || total
-------------------------+-------+-------++-------
Melee: War axe           |   110 |    17 ||   127
Throw: Stone             |    16 |       ||    16
  Use: Potion            |     2 |     1 ||     3
  Eat: Chunk             |     4 |     1 ||     5
Armor: Scale mail        |    51 |     4 ||    55
       Skin              |     4 |     1 ||     5
Dodge: Dodged            |    21 |     3 ||    24
Block: Shield            |    70 |    13 ||    83

Table legend:
 A = Spawn XP
 B = Non-spawn XP
 C = Spawn XP percentage of total XP
 D = Spawn monster count
 E = Non-spawn monster count
 F = Spawn count percentage of total count
 G = Total turns spent on level
                    A         B        C        D         E        F      G
               +---------+---------+-------+---------+---------+-------+---------
         Total |       0 |      99 |   0.0 |       0 |      42 |   0.0 |  2503
               +---------+---------+-------+---------+---------+-------+---------
           D:1 |       0 |      22 |   0.0 |       0 |      14 |   0.0 |   879
           D:2 |       0 |      52 |   0.0 |       0 |      20 |   0.0 |  1210
           D:3 |       0 |      25 |   0.0 |       0 |       8 |   0.0 |   414
               +---------+---------+-------+---------+---------+-------+---------
